 Dungeon Crawl Stone Soup version 0.25-a0-780-g622e69b31f (webtiles) character file.

Game seed: 10667568212011653506, levelgen mode: deterministic

1061 kae the Cudgeler (level 8, -1/64 HPs)
             Began as a Demonspawn Fighter on Apr 14, 2020.
             Slain by an orc warrior
             ... wielding a +0 trident
              (5 damage)
             ... on level 6 of the Dungeon.
             The game lasted 00:06:50 (6190 turns).

kae the Cudgeler (Demonspawn Fighter)               Turns: 6190, Time: 00:06:51

Health: -1/64      AC: 13    Str: 20    XL:     8   Next: 6%
Magic:  8/8        EV:  7    Int:  9    God:
Gold:   318        SH:  9    Dex: 16    Spells: 7/7 levels left

rFire    . . .     SeeInvis .   a - +1 flail
rCold    . . .     Gourm    .   c - +0 kite shield
rNeg     . . .     Faith    .   b - +0 scale mail
rPois    .         Spirit   .   (no helmet)
rElec    .         Reflect  .   h - +1 cloak
rCorr    .         Harm     .   g - +2 pair of gloves
MR       .....                  (no boots)
Stlth    ..........             (no amulet)
HPRegen  0.20/turn              e - +2 ring of strength
MPRegen  0.11/turn              n - +2 ring of dexterity

@: no status effects
A: claws 2, yellow scales 1, powered by pain 1, spiny 2
a: no special abilities


You were on level 6 of the Dungeon.
You were not hungry.

You visited 2 branches of the dungeon, and saw 7 of its levels.

You collected 318 gold pieces.

Inventory:

Hand Weapons
 a - a +1 flail (weapon)
Armour
 b - a +0 scale mail (worn)
 c - a +0 kite shield (worn)
 g - a +2 pair of gloves (worn)
 h - a +1 cloak (worn)
Jewellery
 e - a +2 ring of strength (left hand)
 k - an uncursed ring of stealth
 n - a +2 ring of dexterity (right hand)
 o - an uncursed ring of fire
 x - a +3 ring of protection {unknown}
Scrolls
 t - a scroll of remove curse
 u - 4 scrolls of fog
Potions
 d - 3 potions of might
 i - 5 potions of curing
 j - 2 potions of stabbing {unknown}
 l - a potion of invisibility
 m - 5 potions of cancellation {unknown}
 p - a potion of brilliance
 q - 2 potions of ambrosia {unknown}
 r - a potion of berserk rage {unknown}
 s - 3 potions of haste {unknown}
 z - a potion of lignification
 A - a potion of degeneration {unknown}
Comestibles
 f - 14 rations


   Skills:
 + Level 6.1 Fighting
 * Level 7.3 Maces & Flails
 - Level 2.6 Armour
 - Level 2.6 Shields


You had 7 spell levels left.
You didn't know any spells.
Your spell library was empty.

Dungeon Overview and Level Annotations

Branches:
Dungeon (6/15)             Temple (1/1) D:4

Altars:
Dithmenos
Elyvilon
Fedhas
Gozag
Hepliaklqana
Kikubaaqudgha
Nemelex Xobeh
Uskayaw
Vehumet
Xom
Yredelemnul
Zin

Shops:
D:6 %


Innate Abilities, Weirdness & Mutations

You have very sharp fingernails.
You are partially covered in yellow scales. (AC +2)
You sometimes gain a little power by taking damage.
You are mostly covered in sharp spines.


Message History

You hit the orc warrior.
The orc warrior is heavily wounded.
The orc warrior hits you with a +0 trident!
* * * LOW HITPOINT WARNING * * *
You hit the orc warrior.
The orc warrior is severely wounded.
The orc warrior hits you with a +0 trident.
* * * LOW HITPOINT WARNING * * *
You barely miss the orc warrior.
The orc warrior is severely wounded.
You block the orc warrior's attack.
You closely miss the orc warrior.
The orc warrior is severely wounded.
The orc warrior hits you with a +0 trident.
* * * LOW HITPOINT WARNING * * *
You closely miss the orc warrior.
The orc warrior is severely wounded.
The orc warrior is struck by your spines.
The orc warrior hits you with a +0 trident.
You die...

#..)... #.#
######. #.# #. #.#
#. #o# #. #o# #.
#o# #...# #. #o#
#...# ##. #@# #
#...####.. #.#.#
#...##...# #.#.##
###'###.[..
#....###...<..)...
#.###.##.#........
#.# #.......#.###.
#.###.##.#.##.# #[
##...###.#.##.# #.
##<## #.#.##.###)


You could see an orc warrior and 3 orcs.

Vanquished Creatures
  2 centaurs
  A bullfrog (D:6)
  A bullfrog zombie (D:5)
  A centaur zombie (D:6)
  A crimson imp (D:6)
  A hound (D:5)
  4 orc wizards
  2 orc priests
  3 bullfrog skeletons
  3 worker ants
  Natasha (thrice) (D:3)
  10 adders
  5 gnolls
  2 oozes
  6 worms
  2 dart slugs (D:2)
  3 leopard geckos
  13 orcs
  2 ball pythons
  5 giant cockroaches
  7 hobgoblins
  7 jackals
  11 kobolds
  7 quokkas
  13 bats
  8 frilled lizards
  13 goblins
  A jackal zombie (D:6)
  A quokka skeleton (D:5)
  5 rats
143 creatures vanquished.

Notes
Turn   | Place    | Note
-------+----------+-------------------------------------------
     0 | D:1      | kae the Demonspawn Fighter began the quest for the Orb.
     0 | D:1      | Reached XP level 1. HP: 18/18 MP: 1/1
    52 | D:1      | Reached skill level 2 in Maces & Flails
    86 | D:1      | Gained mutation: You have sharp fingernails. [demonic
                  | ancestry]
    86 | D:1      | Reached XP level 2. HP: 15/24 MP: 2/2
   384 | D:1      | Gained mutation: You are partially covered in sharp spines.
                  | [demonic ancestry]
   384 | D:1      | Reached XP level 3. HP: 16/29 MP: 3/3
   712 | D:1      | Reached skill level 3 in Maces & Flails
  1359 | D:2      | Gained mutation: You sometimes gain a little power by
                  | taking damage. [demonic ancestry]
  1359 | D:2      | Reached XP level 4. HP: 37/37 MP: 4/4
  1599 | D:2      | Found a white marble altar of Elyvilon.
  2053 | D:3      | Noticed Natasha
  2062 | D:3      | Killed Natasha
  2062 | D:3      | Reached skill level 4 in Maces & Flails
  2062 | D:3      | Gained mutation: You are mostly covered in sharp spines.
                  | [demonic ancestry]
  2062 | D:3      | Reached XP level 5. HP: 36/42 MP: 5/5
  2126 | D:3      | Found a hazy altar of Hepliaklqana.
  2490 | D:3      | Noticed Natasha
  2496 | D:3      | Killed Natasha
  2893 | D:3      | Found a hazy altar of Hepliaklqana.
  3064 | D:3      | Noticed Natasha
  3068 | D:3      | Killed Natasha
  3334 | D:4      | Reached XP level 6. HP: 43/49 MP: 6/6
  3549 | D:4      | Found a staircase to the Ecumenical Temple.
  3595 | Temple   | Entered the Ecumenical Temple
  3846 | D:4      | Reached skill level 5 in Maces & Flails
  4684 | D:5      | Entered Level 5 of the Dungeon
  4768 | D:5      | Reached skill level 5 in Fighting
  4976 | D:5      | Reached skill level 6 in Maces & Flails
  4976 | D:5      | Gained mutation: You are partially covered in yellow
                  | scales. (AC +2) [demonic ancestry]
  4976 | D:5      | Reached XP level 7. HP: 43/56 MP: 7/7
  5867 | D:6      | Reached skill level 7 in Maces & Flails
  6095 | D:6      | Gained mutation: You have very sharp fingernails. [demonic
                  | ancestry]
  6095 | D:6      | Reached XP level 8. HP: 64/64 MP: 8/8
  6097 | D:6      | Found Rocaigeu's Food Shoppe.
  6190 | D:6      | Slain by an orc warrior

Levels and vault maps discovered:
D:1:      roderic_dead_forest, layout_loops_ring, minmay_pentomino_q2
D:2:      layout_basic, lemuel_crystal_altar
D:3:      layout_loops_cross, nicolae_overflow_hidden_temple, uniq_natasha
D:4:      layout_gridville, temple_green, st_stairs_9, minmay_misc_feat_square,
          minmay_increasing_density
D:5:      minmay_recursive_quarters, layout_loops_cross, first_ration
D:6:      layout_loops_ring, grunt_temple_overflow_bloody_war, serial_shops,
          kennysheep_mini_moat
Temple:   dpeg_chambers_temple

Skill      XL: |  1  2  3  4  5  6  7 |
---------------+----------------------+-----
Maces & Flails | 2 3 4 6 7 |  7.3
Fighting       | 4 5 6 |  6.1
Armour         | |  2.6
Shields        | |  2.6

Action                   |  1- 3 |  4- 6 |  7- 9 || total
-------------------------+-------+-------+-------++-------
Melee: Flail             |   173 |   192 |    81 ||   446
  Use: Scroll            |     1 |     8 |     5 ||    14
       Potion            |     1 |       |     1 ||     2
  Eat: Chunk             |     2 |    11 |     4 ||    17
Armor: Scale mail        |   140 |    88 |    34 ||   262
Dodge: Dodged            |    75 |    39 |    16 ||   130
Block: Kite shield       |   150 |    89 |    32 ||   271

Table legend:
 A = Non-vault XP
 B = Vault XP
 C = Vault XP percentage of total XP
 D = Non-vault monster count
 E = Vault monster count
 F = Vault count percentage of total count
                 A         B        C        D         E       F
            +---------+---------+-------+---------+---------+-------
      Total |    1214 |     302 |  19.9 |     130 |      13 |   9.1
            +---------+---------+-------+---------+---------+-------
        D:1 |      67 |       1 |   1.5 |      33 |       1 |   2.9
        D:2 |      91 |       0 |   0.0 |      27 |       0 |   0.0
        D:3 |     156 |      35 |  18.3 |      26 |       1 |   3.7
        D:4 |     248 |      21 |   7.8 |      13 |       4 |  23.5
        D:5 |     163 |     245 |  60.0 |      10 |       7 |  41.2
        D:6 |     489 |       0 |   0.0 |      21 |       0 |   0.0
            +---------+---------+-------+---------+---------+-------
